 Dungeon Crawl Stone Soup version 0.21.1-1-g345015fe64 (webtiles) character file.

309 Kisielow the Changer (level 6, -5/43 HPs)
             Began as a Merfolk Transmuter on June 15, 2018.
             Slain by an ogre
             ... wielding a +0 giant club
              (28 damage)
             ... on level 4 of the Dungeon.
             The game lasted 00:06:06 (3702 turns).

Kisielow the Changer (Merfolk Transmuter)           Turns: 3702, Time: 00:06:06

Health: -5/43      AC:  2    Str: 10    XL:     6   Next: 41%
Magic:  6/9        EV: 21    Int: 15    God:
Gold:   140        SH:  0    Dex: 19    Spells: 5/9 levels left

rFire    . . .     SeeInvis .     - Unarmed
rCold    . . .     Gourm    .   (shield currently unavailable)
rNeg     . . .     Faith    .   (armour currently unavailable)
rPois    x         Spirit   .   (helmet currently unavailable)
rElec    .         Reflect  .   (cloak currently unavailable)
rCorr    .         Harm     .   (gloves currently unavailable)
MR       .....                  (boots currently unavailable)
Stlth    ++........             n - amulet of rage
HPRegen  0.14/turn              (no ring)
MPRegen  0.11/turn              (no ring)

@: spider-form
A: tiny, (change form in water), (swift swim), (stealthy swim)
a: End Transformation, Evoke Berserk Rage


You were on level 4 of the Dungeon.
You were not hungry.
You were a venomous arachnid creature.
You visited 1 branch of the dungeon, and saw 4 of its levels.

You collected 140 gold pieces.

Inventory:

Missiles
 a - 61 arrows
Armour
 b - a +0 robe (melded)
Jewellery
 n - an amulet of rage (around neck)
Scrolls
 e - 3 scrolls of magic mapping {unknown}
 f - a scroll of random uselessness {unknown}
 g - 2 scrolls of identify
 k - 3 scrolls of teleportation
 l - a scroll of enchant armour {unknown}
Potions
 h - a potion of lignification {unknown}
 i - 2 potions of ambrosia {unknown}
 j - a potion of invisibility
Books
 c - a book of Changes

   Spells                             Type                      Level
   a - Beastly Appendage              Transmutation                1
   b - Sticks to Snakes               Transmutation                2
   c - Spider Form                    Transmutation/Poison         3
   d - Ice Form                       Ice/Transmutation            4
   e - Blade Hands                    Transmutation                5
Comestibles
 d - 8 rations
 m - 3 chunks of flesh


   Skills:
 + Level 1.6 Fighting
 + Level 3.1 Dodging
 + Level 5.6 Unarmed Combat
 - Level 2.0 Spellcasting
 - Level 6.3 Transmutations


You had 5 spell levels left.
You knew the following spells:

 Your Spells              Type           Power        Failure   Level  Hunger
a - Beastly Appendage     Tmut           ###...       7%          1    #......
q - Spider Form           Tmut/Pois      ##........   38%         3    ###....


Dungeon Overview and Level Annotations

Branches:
Dungeon (4/15)
 Temple: D:4-7

Altars:
Trog


Message History

You see here a frilled lizard corpse.
You butcher the frilled lizard corpse.
m - 4 chunks of flesh (gained 1)
You see here a frilled lizard skeleton.
You start waiting.
Eating one of 4 chunks of flesh.
You eat one of the 4 chunks of flesh.
This raw flesh tastes terrible.
An ogre comes into view. It is wielding a giant club.
Casting: Spider Form
Confirm with . or Enter, or press ? or * to list all spells.
You turn into a venomous arachnid creature.
Your +0 robe melds into your body.
The ogre shouts!
You hit the ogre.
The ogre is poisoned.
The ogre is lightly wounded.
The ogre hits you with a giant club!!
You bite the ogre!
The ogre looks as sick as possible!
The ogre is heavily wounded.
The ogre hits you with a giant club!!
Ouch! That really hurt!
You die...

#.##### #.# ### #.# #..
... .# # #.####.## ..( .#
.# #....>..# #.# .#..#
#.####..# #.##.#..
#.####..### #.#.<..
#.........#######.#..#####
######.......Os...#.......
#.##.######..รท.......
#.#....)....##.#####.
#.#..######## .# #.#..# .#
#.#..# .# #.#..# .# #.##.#
.# #.# .#


You could see an ogre.

Vanquished Creatures
  The ghost of waaargh the Slasher, an amateur MiBe of Trog (D:3)
  An ogre (D:4)
  Robin (D:3)
  2 adders
  A worm (D:3)
  A dart slug (D:2)
  A leopard gecko (D:2)
  An orc (D:3)
  2 giant cockroaches (D:3)
  12 goblins
  8 hobgoblins
  A jackal (D:1)
  5 bats
  3 frilled lizards
  6 kobolds
  3 rats (D:2)
49 creatures vanquished.

Notes
Turn   | Place    | Note
-------+----------+-------------------------------------------
     0 | D:1      | Kisielow the Merfolk Transmuter began the quest for the Orb.
     0 | D:1      | Reached XP level 1. HP: 15/15 MP: 3/3
   349 | D:1      | Reached XP level 2. HP: 14/21 MP: 5/5
  1455 | D:2      | Reached XP level 3. HP: 26/26 MP: 4/6
  1862 | D:2      | Learned a level 3 spell: Spider Form
  2535 | D:3      | Noticed waaargh's ghost (amateur MiBe)
  2545 | D:3      | Killed waaargh's ghost
  2545 | D:3      | Reached skill level 5 in Unarmed Combat
  2545 | D:3      | Reached skill level 5 in Transmutations
  2545 | D:3      | Reached XP level 4. HP: 32/32 MP: 0/7
  2545 | D:3      | Reached XP level 5. HP: 37/37 MP: 0/8
  2741 | D:3      | Noticed Robin
  2764 | D:3      | Killed Robin
  3211 | D:3      | Found a bloodstained altar of Trog.
  3372 | D:3      | Reached XP level 6. HP: 43/43 MP: 5/9
  3594 | D:4      | Reached skill level 6 in Transmutations
  3702 | D:4      | Slain by an ogre

Skill      XL: |  1  2  3  4  5  6 |
---------------+-------------------+-----
Unarmed Combat | 4 5 |  5.6
Transmutations | 5 6 |  6.3
Dodging        | 3 |  3.1
Fighting       | |  1.6
Spellcasting   | |  2.0

Action                   |  1- 3 |  4- 6 || total
-------------------------+-------+-------++-------
Melee: Unarmed           |   101 |    64 ||   165
       Headbutt          |     2 |       ||     2
       Punch             |     1 |       ||     1
 Cast: Beastly Appendage |     5 |       ||     5
       Spider Form       |     1 |     9 ||    10
 Abil: Evoke Berserk Rag |     1 |       ||     1
  Use: Scroll            |     6 |       ||     6
       Potion            |       |     1 ||     1
 Stab: Sleeping          |     1 |       ||     1
  Eat: Chunk             |     5 |     6 ||    11
Armor: Robe              |    20 |     2 ||    22
       Skin              |       |     3 ||     3
Dodge: Dodged            |    77 |    40 ||   117
